 Dungeon Crawl Stone Soup version 0.27.1 (webtiles) character file.

Game seed: 13769917761958693362

68 chaosape the Fighter (level 4, 0/48 HPs)
             Began as a Gnoll Wanderer on Sept 4, 2021.
             Slain by a frilled lizard (1 damage)
             ... on level 2 of the Dungeon.
             The game lasted 00:06:36 (1317 turns).

chaosape the Fighter (Gnoll Wanderer)               Turns: 1317, Time: 00:06:37

Health: 0/48       AC: 11    Str: 11    XL:     4   Next: 19%
Magic:  5/5        EV:  2    Int: 11    God:
Gold:   23         SH:  0    Dex: 13    Spells: 5/5 levels left

rFire    . . .     SeeInvis .   f - +0 dagger
rCold    . . .     Faith    .   (no shield)
rNeg     . . .     Spirit   .   s - +0 plate armour
rPois    .         Reflect  .   (no helmet)
rElec    .         Harm     .   (no cloak)
rCorr    .         Rampage  .   (no gloves)
Will     .....                  (no boots)
Stlth    ..........             (no amulet)
HPRegen  0.16/turn              (no ring)
MPRegen  0.09/turn              (no ring)

@: no status effects
A: fangs 1, strong nose, distributed training
a: no special abilities


You were on level 2 of the Dungeon.
You visited 1 branch of the dungeon, and saw 2 of its levels.

You collected 23 gold pieces.

Inventory:

Hand Weapons
 a - a +2 shortbow
 f - a +0 dagger (weapon)
Missiles
 g - 25 sling bullets
 j - a throwing net (quivered)
 l - 4 silver boomerangs
 q - 35 poisoned darts
Armour
 e - a +0 robe
 p - a +0 chain mail
 s - a +0 plate armour (worn)
Scrolls
 h - 2 scrolls of identify {unknown}
 i - 2 scrolls of vulnerability {unknown}
 k - a scroll of magic mapping {unknown}
 r - a scroll of blinking {unknown}
 t - a scroll of noise {unknown}
Potions
 m - a potion of degeneration {unknown}
 n - a potion of flight {unknown}
 o - 2 potions of lignification {unknown}


   Skills:
 + Level 10.4 Fighting
 + Level 1.0 Short Blades
 + Level 1.0 Long Blades
 + Level 1.0 Axes
 + Level 1.0 Maces & Flails
 + Level 1.0 Polearms
 + Level 1.0 Staves
 + Level 1.0 Slings
 + Level 2.7 Bows
 + Level 1.0 Crossbows
 + Level 2.7 Throwing
 + Level 2.7 Armour
 + Level 1.0 Dodging
 + Level 4.2 Stealth
 + Level 1.0 Shields
 + Level 1.0 Unarmed Combat
 + Level 1.0 Spellcasting
 + Level 0.8 Conjurations
 + Level 0.8 Hexes
 + Level 0.8 Summonings
 + Level 0.8 Necromancy
 + Level 0.8 Translocations
 + Level 0.8 Transmutations
 + Level 0.8 Fire Magic
 + Level 0.8 Ice Magic
 + Level 0.8 Air Magic
 + Level 0.8 Earth Magic
 + Level 0.8 Poison Magic
 + Level 1.1 Invocations
 + Level 1.0 Evocations


You had 5 spell levels left.
You didn't know any spells.
Your spell library was empty.

Dungeon Overview and Level Annotations

Branches:
Dungeon (2/15)

Altars:

Shops:
D:1 !


Innate Abilities, Weirdness & Mutations

You have very sharp teeth.
Your uncanny sense of smell can sniff out nearby items.
Your experience applies equally to all skills.


Message History

You bite the endoplasm, but do no damage.
The endoplasm is lightly wounded.
The endoplasm hits you but does no damage.
A frilled lizard comes into view.
The frilled lizard hisses angrily.
The frilled lizard bites you but does no damage.
The frilled lizard bites you but does no damage.
The frilled lizard bites you but does no damage.
The endoplasm hits you but does no damage.
The frilled lizard bites you.
* * * LOW HITPOINT WARNING * * *
The frilled lizard bites you but does no damage.
The endoplasm freezes you.
You are frozen.
* * * LOW HITPOINT WARNING * * *
The frilled lizard bites you but does no damage.
The frilled lizard bites you.
* * * LOW HITPOINT WARNING * * *
You barely miss the endoplasm.
The endoplasm is lightly wounded.
The endoplasm freezes you.
You are frozen.
* * * LOW HITPOINT WARNING * * *
The frilled lizard bites you but does no damage.
You hit the endoplasm but do no damage.
The endoplasm is lightly wounded.
The endoplasm hits you but does no damage.
The frilled lizard bites you but does no damage.
You hit the endoplasm but do no damage.
The endoplasm is lightly wounded.
The endoplasm freezes you.
You are frozen.
* * * LOW HITPOINT WARNING * * *
The frilled lizard bites you but does no damage.
You hit the endoplasm.
The endoplasm is heavily wounded.
The endoplasm hits you.
* * * LOW HITPOINT WARNING * * *
The frilled lizard bites you.
You die...

....##......#######......
..#.##.###.## ..... ∆
..#..#.# #.# #...#
..##.#.# #.# #...#
..##.#.# #. #...#
####.#.# ######...# #.#.#
#........# #...##
#........# ##...#
#.@......# #...#
#.Jl(....# #...#
#.......## #...##.#
#.......# #.>.##.#
#.......# #...##.#
#.......# #....#.#
#.......# ## #....#.#
#.......# .# #....#(#
#.......#


You could see an endoplasm and a frilled lizard.

Vanquished Creatures
  2 gnolls (D:2)
  An adder (D:2)
  7 ball pythons
  2 endoplasms (D:1)
  3 goblins
  A hobgoblin (D:1)
  2 jackals (D:1)
  4 kobolds
  3 quokkas (D:1)
  5 bats
  A frilled lizard (D:2)
  9 rats
40 creatures vanquished.

Notes
Turn   | Place    | Note
-------+----------+-------------------------------------------
     0 | D:1      | Reached skill level 10 in Fighting
     0 | D:1      | chaosape the Gnoll Wanderer began the quest for the Orb.
     0 | D:1      | chaosape set off with the following items: a +2 shortbow,
                  | 24 arrows, a scroll of teleportation, a potion of curing, a
                  | +0 robe, a +0 dagger
     0 | D:1      | Reached XP level 1. HP: 28/28 MP: 1/1
    93 | D:1      | Reached XP level 2. HP: 36/36 MP: 2/2
   188 | D:1      | Found a faded altar of an unknown god.
   441 | D:1      | Found Emaifone's Distillery.
   495 | D:1      | Reached XP level 3. HP: 42/42 MP: 3/3
   987 | D:2      | Reached skill level 1 in Invocations
  1252 | D:2      | Reached skill level 1 in Short Blades
  1252 | D:2      | Reached skill level 1 in Long Blades
  1252 | D:2      | Reached skill level 1 in Axes
  1252 | D:2      | Reached skill level 1 in Maces & Flails
  1252 | D:2      | Reached skill level 1 in Polearms
  1252 | D:2      | Reached skill level 1 in Staves
  1252 | D:2      | Reached skill level 1 in Slings
  1252 | D:2      | Reached skill level 1 in Crossbows
  1252 | D:2      | Reached skill level 1 in Dodging
  1252 | D:2      | Reached skill level 1 in Shields
  1252 | D:2      | Reached skill level 1 in Unarmed Combat
  1252 | D:2      | Reached skill level 1 in Spellcasting
  1252 | D:2      | Reached skill level 1 in Evocations
  1252 | D:2      | Reached XP level 4. HP: 39/48 MP: 5/5
  1316 | D:2      | HP: 2/48 [frozen (2)]
  1317 | D:2      | Slain by a frilled lizard

Illustrated notes

Levels and vault maps discovered:
D:1:      dpeg_arrival_round_b, layout_basic,
          shapermc_ecumenical_altar_acropolis, serial_shops, nicolae_shop_stone
D:2:      layout_basic

Skill      XL: |  1  2  3 |
---------------+----------+-----
Fighting       | | 10.4
Invocations    | 1 |  1.1
Short Blades   | 1 |  1.0
Long Blades    | 1 |  1.0
Axes           | 1 |  1.0
Maces & Flails | 1 |  1.0
Polearms       | 1 |  1.0
Staves         | 1 |  1.0
Slings         | 1 |  1.0
Crossbows      | 1 |  1.0
Dodging        | 1 |  1.0
Shields        | 1 |  1.0
Unarmed Combat | 1 |  1.0
Spellcasting   | 1 |  1.0
Evocations     | 1 |  1.0
Bows           | |  2.7
Throwing       | |  2.7
Armour         | |  2.7
Stealth        | |  4.2
Conjurations   | |  0.8
Hexes          | |  0.8
Summonings     | |  0.8
Necromancy     | |  0.8
Translocations | |  0.8
Transmutations | |  0.8
Fire Magic     | |  0.8
Ice Magic      | |  0.8
Air Magic      | |  0.8
Earth Magic    | |  0.8
Poison Magic   | |  0.8

Action                   |  1- 3 |  4- 6 || total
-------------------------+-------+-------++-------
Melee: Dagger            |       |    31 ||    31
       Bite              |       |     6 ||     6
 Fire: Shortbow          |    89 |     6 ||    95
  Use: Potion            |       |     2 ||     2
       Scroll            |       |     1 ||     1
Armor: Robe              |     3 |       ||     3
       Plate armour      |     5 |    32 ||    37
       Chain mail        |     4 |       ||     4
Dodge: Dodged            |    15 |     1 ||    16
